 Dungeon Crawl Stone Soup version 0.30-a0-509-gd016549fea (webtiles) character file.

Game seed: 3184907541226432535

23 purpskrrrp the Stinger (level 2, -2/19 HPs)
             Began as a Demonspawn Venom Mage on Dec 22, 2022.
             Slain by a worm (3 damage)
             ... on level 2 of the Dungeon.
             The game lasted 00:01:39 (1097 turns).

purpskrrrp the Stinger (Demonspawn Venom Mage)      Turns: 1097, Time: 00:01:39

Health: -2/19      AC:  2    Str: 11 (14) XL:     2   Next: 75%
Magic:  3/5        EV: 12    Int: 15 (16) God:
Gold:   108        SH:  0    Dex: 10 (13) Spells: 4/5 levels left

rFire   . . .      SeeInvis .    (no weapon)
rCold   . . .      Faith    .    (no shield)
rNeg    . . .      Spirit   .    a - +0 robe
rPois   .          Reflect  .    (no helmet)
rElec   .          Harm     .    (no cloak)
rCorr   .          Rampage  .    (no gloves)
Will    .....                    (no boots)
Stlth   ++........               (no amulet)
HPRegen 0.23/turn                f - +6 ring of strength
MPRegen 0.09/turn                (no ring)

@: attractive
A: demonic touch 1
a: no special abilities


You were on level 2 of the Dungeon.
You visited 1 branch of the dungeon, and saw 2 of its levels.

You collected 108 gold pieces.

Inventory:

Armour
 a - a +0 robe (worn)
Jewellery
 f - a +6 ring of strength (left hand)
Scrolls
 e - 2 scrolls of identify {unknown}
 g - a scroll of enchant weapon {unknown}
 h - a scroll of magic mapping {unknown}
Potions
 b - a potion of magic


   Skills:
 + Level 2.1 Dodging
 - Level 2.0 Stealth
 + Level 0.2 Unarmed Combat
 + Level 2.2 Spellcasting
 + Level 1.3 Transmutations
 + Level 3.2 Poison Magic


You had 4 spell levels left.
You knew the following spells:

 Your Spells              Type           Power      Damage    Failure   Level
a - Sting                 Tmut/Pois      32%        1d4       9%          1

Your spell library contained the following spells:

 Spells                   Type           Power      Damage    Failure   Level
 Poisonous Vapours        Pois/Air       12%        N/A       17%         2
 Mephitic Cloud           Conj/Pois/Air  4%         N/A       38%         3
 Olgreb's Toxic Radiance  Pois           11%        N/A       50%         4


Dungeon Overview and Level Annotations

Branches:
Dungeon (2/15)

Altars:


Innate Abilities, Weirdness & Mutations

Your touch may inflict minor irresistible damage on your foes.


Message History

The worm bites you.
You are too injured to fight recklessly!
You are too injured to fight recklessly!
You are too injured to fight recklessly!
You are too injured to fight recklessly!
You are too injured to fight recklessly!
You are too injured to fight recklessly!
You are too injured to fight recklessly!
You are too injured to fight recklessly!
You are too injured to fight recklessly!
You are too injured to fight recklessly!
You are too injured to fight recklessly!
You are too injured to fight recklessly!
You are too injured to fight recklessly!
You are too injured to fight recklessly!
You are too injured to fight recklessly!
You are too injured to fight recklessly!
Casting: Sting (safe; 8% risk of failure)
Confirm with . or Enter, or press ? or * to list all spells.
Aiming: Sting (safe; 8% risk of failure)
Press: ? - help, Shift-Dir - straight line, f - kobold, p - worm
Aim: a kobold, wielding a +0 short sword, quivering stones and carrying a wand of flame (23) (60% to hit)
The sting hits the worm.
The worm is poisoned.
The worm is heavily wounded.
Casting: Sting (safe; 8% risk of failure)
Confirm with . or Enter, or press ? or * to list all spells.
Aiming: Sting (safe; 8% risk of failure)
Press: ? - help, Shift-Dir - straight line, f/p - kobold
Aim: a kobold, wielding a +0 short sword, quivering stones and carrying a wand of flame (23) (60% to hit)
The sting hits the worm.
The worm looks even sicker.
The worm is severely wounded.
The worm bites you!
* * * LOW HITPOINT WARNING * * *
It was a potion of attraction.
You feel attractive to monsters.
It was a potion of degeneration.
There was something very wrong with that liquid.
You feel weakened.
You feel dopey.
You feel clumsy. The worm bites you.
You die...

####.# ..# #.# ?.
#...# #.#
?..#..##########
#.#
..#...........##
#.#
#.##..#####...##
#.#
#.#...###.....###.#
#K##..#.....†....#
#w#...#.....#####
#@##.##...##
#...#$#.##..##
#...... ##.##.##
####... .....# ##..
###### ###


You could see a worm (very poisoned) and a kobold.

Vanquished Creatures
  A dart slug (D:1)
  3 endoplasms
  3 goblins
  A hobgoblin (D:1)
  A quokka (D:2)
  2 ball pythons (D:2)
  6 bats
  A frilled lizard (D:2)
  2 rats
20 creatures vanquished.

Notes
Turn   | Place    | Note
-------+----------+-------------------------------------------
     0 | D:1      | purpskrrrp the Demonspawn Venom Mage began the quest for
                  | the Orb.
     0 | D:1      | Reached XP level 1. HP: 13/13 MP: 3/3
   114 | D:1      | Reached skill level 1 in Transmutations
   571 | D:1      | Discovered your monstrous ancestry.
   571 | D:1      | Gained mutation: Your touch may inflict minor irresistible
                  | damage on your foes. [demonic ancestry]
   571 | D:1      | Reached XP level 2. HP: 19/19 MP: 1/5
  1097 | D:2      | Slain by a worm

Illustrated notes

Levels and vault maps discovered:
D:1:      shiori_shiawase, layout_loops_cross
D:2:      layout_loops_ring, minmay_vboxes, uniq_robin

Skill      XL: |  1  2 |
---------------+-------+-----
Transmutations | 1 |  1.3
Stealth        | 2 |  2.0
Dodging        | 2 |  2.1
Unarmed Combat | |  0.2
Spellcasting   | |  2.2
Poison Magic   | |  3.2

Action                   || total
-------------------------++-------
Melee: Unarmed           ||    42
       Touch             ||     5
 Cast: Sting             ||    27
  Use: Potion            ||     2
 Stab: Sleeping          ||     1
Armor: Robe              ||     5
Dodge: Dodged            ||    25

Table legend: (Time is in decaauts)
 A = Elapsed time spent in this place.
 B = Non-inter-level travel time spent in this place.
 C = Inter-level travel time spent in this place.
 D = Time resting spent in this place.
 E = Time spent auto-exploring this place.
 F = Levels seen in this place.
 G = Mean time per level.
                   A        B        C        D        E       F      G
               +--------+--------+--------+--------+--------+-----+--------+
         Total |   1096 |   1072 |     24 |      0 |    952 |   2 |  548.0 |
       Dungeon |   1096 |   1072 |     24 |      0 |    952 |   2 |  548.0 |
               +--------+--------+--------+--------+--------+-----+--------+

Top non-repeatable levels by time:
     D:1: 775 daAuts
     D:2: 320 daAuts
